 Dungeon Crawl Stone Soup version 0.20-a0-1017-gc3250ce (webtiles) character file.

58 George the Magician (level 4, -2/27 HPs)
             Began as an Octopode Wizard on Apr 16, 2017.
             Slain by Crazy Yiuf
             ... wielding a +4 quarterstaff of chaos
              (19 damage)
             ... on level 2 of the Dungeon.
             The game lasted 00:05:23 (2362 turns).

George the Magician (Octopode Wizard)               Turns: 2362, Time: 00:05:24

Health: -2/27      AC:  1    Str:  6    XL:     4   Next: 2%
Magic:  1/8        EV: 13    Int: 21    God:
Gold:   170        SH:  0    Dex: 10    Spells: 2/9 levels left

rFire    . . .     SeeInvis .   h - +0 short sword
rCold    . . .     Gourm    .   (no shield)
rNeg     . . .     Faith    .   a - +0 hat
rPois    .         Spirit   .   (no amulet)
rElec    .         Reflect  .   f - ring of resist corrosion
rCorr    +         Harm     .   (no ring)
MR       .....                  (no ring)
Stlth    +++.......             (no ring)
Regen    0.1/turn               (no ring)
MPRegen  0.2/turn               (no ring)
                                (no ring)
                                (no ring)

@: very slightly contaminated
A: almost no armour, stealthy swim, amphibious, 8 rings, constrict 8, camouflage
1, gelatinous body 1
a: no special abilities


You were on level 2 of the Dungeon.
You were hungry.

You visited 1 branch of the dungeon, and saw 2 of its levels.

You collected 170 gold pieces.

Inventory:

Hand Weapons
 h - a +0 short sword (weapon)
Armour
 a - a +0 hat (worn)
Jewellery
 f - a ring of resist corrosion (left tentacle)
Wands
 d - a wand of flame (10/48)
Scrolls
 e - a scroll of amnesia
 i - a scroll of remove curse
 j - 2 scrolls of immolation {unknown}
 k - 2 scrolls of magic mapping {unknown}
Potions
 g - a potion of flight {unknown}
 l - 2 potions of heal wounds
 m - a potion of magic {unknown}
 o - a potion of haste
 p - 2 potions of curing {unknown}
 q - a potion of brilliance {unknown}
Books
 b - a book of Minor Magic

   Spells                             Type                      Level
   a - Magic Dart                     Conjuration                  1
   b - Blink                          Translocation                2
   c - Call Imp                       Summoning                    2
   d - Slow                           Hexes                        2
   e - Conjure Flame                  Conjuration/Fire             3
   f - Mephitic Cloud                 Conjuration/Poison/Air       3
Comestibles
 c - 3 bread rations


   Skills:
 + Level 2.9 Dodging
 - Level 2.6 Stealth
 + Level 3.2 Spellcasting
 + Level 2.0 Conjurations
   Level 1.0 Summonings
   Level 1.0 Translocations
 + Level 0.0 Fire Magic
 + Level 0.8 Air Magic
 + Level 0.8 Poison Magic


You had 2 spell levels left.
You knew the following spells:

 Your Spells              Type           Power        Failure   Level  Hunger
a - Magic Dart            Conj           ##..         8%          1    None
b - Mephitic Cloud        Conj/Pois/Air  #.......     24%         3    ###....
c - Conjure Flame         Conj/Fire      #.......     30%         3    ###....


Dungeon Overview and Level Annotations

Branches:
Dungeon (2/15)

Altars:
Elyvilon

Annotations:
D:2 Crazy Yiuf


Innate Abilities, Weirdness & Mutations

You cannot wear most types of armour.
You are very stealthy in the water. (Stealth+)
You are amphibious.
You can wear up to eight rings at the same time.
You can use your tentacles to constrict eight enemies at once.
Your skin changes colour to match your surroundings (Stealth+).
Your rubbery body absorbs attacks. (AC +1, EV +1)


Message History

Press: ? - help, Shift-Dir - straight line, f/p - Crazy Yiuf
Aim: Crazy Yiuf, wielding a quarterstaff of chaos and wearing a cloak (moderately wounded, fast)
The puff of flame misses Crazy Yiuf.
Evoking this partially-identified wand wasted a few charges.
Evoke which item? (* to show all) (? for menu, Esc to quit)
Aiming: Throw Flame (will waste charges)
Press: ? - help, Shift-Dir - straight line, f/p - Crazy Yiuf
Aim: Crazy Yiuf, wielding a quarterstaff of chaos and wearing a cloak (moderately wounded, fast)
The puff of flame hits Crazy Yiuf.
Crazy Yiuf is heavily wounded.
Evoking this partially-identified wand wasted a few charges.
You are feeling hungry.
You hit Crazy Yiuf but do no damage. You grab Crazy Yiuf.
Crazy Yiuf is heavily wounded.
You constrict Crazy Yiuf.
Crazy Yiuf says, "Scoff!"
Crazy Yiuf hits you with a quarterstaff of chaos!
You are electrocuted!
Ouch! That really hurt!
You die...

.[.<...#### #.#
.......# #.#
#.####.# #.# #.#
#.# ### #.# #.#
#.# #.## #.#
#..##♣♣ ### #.#
#....P♣♣ ♣♣#..)#
#.#
#......♣♣♣♣@g...#
#.#
##....P.♣..♣#...#
#.######..P.♣.♣♣♣
### #(...#
###♣♣♣♣♣ ####.#
####### #.#
######.....# #.#
##........#.# #.#
#####...........#
####.#
#..........###.##


You could see Crazy Yiuf.

Vanquished Creatures
  An adder (D:2)
  A dart slug (D:1)
  A leopard gecko (D:2)
  6 bats
  4 giant cockroaches
  4 goblins
  7 hobgoblins
  4 jackals (D:1)
  4 kobolds
  3 quokkas (D:2)
  A frilled lizard (D:1)
  3 rats
  A plant (D:2)
40 creatures vanquished.

Notes
Turn   | Place    | Note
-------+----------+-------------------------------------------
     0 | D:1      | George the Octopode Wizard began the quest for the Orb.
     0 | D:1      | Reached XP level 1. HP: 11/11 MP: 4/4
   317 | D:1      | Reached XP level 2. HP: 17/17 MP: 1/6
   996 | D:1      | Reached XP level 3. HP: 21/21 MP: 5/7
  1265 | D:1      | Learned a level 3 spell: Mephitic Cloud
  1359 | D:2      | Found a white marble altar of Elyvilon.
  1497 | D:2      | Found a faded altar of an unknown god.
  1761 | D:2      | Found a runed door.
  2147 | D:2      | Reached XP level 4. HP: 27/27 MP: 3/8
  2211 | D:2      | Learned a level 3 spell: Conjure Flame
  2353 | D:2      | Noticed Crazy Yiuf
  2362 | D:2      | Slain by Crazy Yiuf

Vault maps used:
D:1:      ncdulo_wetmaze
D:2:      elyvilon_altar_4, chequers_ecumenical_altar_lobes,
          uniq_crazy_yiuf_cottage

Skill      XL: |  1  2  3 |
---------------+----------+-----
Conjurations   | 2 |  2.0
Dodging        | |  2.9
Stealth        | |  2.6
Spellcasting   | |  3.2
Summonings     | |  1.0
Translocations | |  1.0
Air Magic      | |  0.8
Poison Magic   | |  0.8

Action                   |  1- 3 |  4- 6 || total
-------------------------+-------+-------++-------
Melee: Short sword       |    69 |     1 ||    70
       Unarmed           |     5 |       ||     5
       Constrict         |    13 |     1 ||    14
       Tentacles         |     8 |       ||     8
 Cast: Magic Dart        |    55 |     7 ||    62
       Conjure Flame     |       |     1 ||     1
Evoke: Wand              |       |     2 ||     2
  Use: Scroll            |     4 |       ||     4
 Stab: Sleeping          |     4 |       ||     4
  Eat: Chunk             |     4 |       ||     4
Armor: Skin              |    14 |       ||    14
Dodge: Dodged            |    43 |       ||    43
